 Dungeon Crawl Stone Soup version 0.17.0-24-gcfadda4 (console) character file.

35 Kloppie the Chopper (level 3, -3/31 HPs)
             Began as a Minotaur Fighter on Nov 18, 2015.
             Killed by divine providence
             ... invoked by an orc priest
              (10 damage)
             ... on level 3 of the Dungeon.
             The game lasted 00:02:20 (1649 turns).

Kloppie the Chopper (Minotaur Fighter)              Turns: 1649, Time: 00:02:20

Health: -3/31      AC:  6    Str: 20    XL:     3   Next: 16%
Magic:  2/2        EV:  7    Int:  5    God:
Gold:   105        SH:  9    Dex: 10    Spells: 0 memorised, 2 levels left

rFire  . . .     SeeInvis .     a - +0 war axe
rCold  . . .     Clarity  .     b - +0 scale mail
rNeg   . . .     SustAt   .     c - +0 shield
rPois  .         Gourm    .     (helmet restricted)
rElec  .         Spirit   .     (no cloak)
rCorr  .         Warding  .     (no gloves)
rMut   .         Stasis   .     (no boots)
MR     .....                    (no amulet)
Stlth  ..........               (no ring)
                                (no ring)

@: not resistant to hostile enchantments, extremely unstealthy
A: retaliatory headbutt, horns 2
a: no special abilities


You were on level 3 of the Dungeon.
You were not hungry.

You visited 1 branch of the dungeon, and saw 3 of its levels.

You collected 105 gold pieces.

Inventory:

Hand Weapons
 a - a +0 war axe (weapon)
Armour
 b - a +0 scale mail (worn)
 c - a +0 shield (worn)
 j - a +0 plate armour
Jewellery
 i - an uncursed amulet of stasis {unknown}
 l - an uncursed ring of fire {unknown}
Scrolls
 f - 2 scrolls of remove curse {unknown}
 g - 2 scrolls of fog {unknown}
 n - 2 scrolls of identify {unknown}
 q - a scroll of magic mapping {unknown}
 u - a scroll of immolation {unknown}
Potions
 d - a potion of might
 h - 2 potions of mutation {unknown}
 k - a potion of degeneration {unknown}
 m - a potion of curing {unknown}
 o - a potion of brilliance {unknown}
 r - a potion of magic {unknown}
Comestibles
 e - 3 bread rations
 p - a beef jerky
 s - 3 fruits
 t - 2 chunks of flesh


   Skills:
 - Level 3.6 Fighting
 + Level 4.4 Axes
 - Level 3.6 Armour
 - Level 3.6 Shields


You had 2 spell levels left.
You didn't know any spells.

Dungeon Overview and Level Annotations

Branches:
Dungeon (3/15)

Altars:
Ashenzari
Qazlal
Xom
Zin


Innate Abilities, Weirdness & Mutations

You reflexively headbutt those who attack you in melee.
You have a pair of horns on your head.


Message History

The orc wizard hits you but does no damage.
You see here a green potion.
You slash the kobold!
You kill the kobold!
You closely miss the rat. You closely miss the orc wizard.
The rat bites you but does no damage.
The orc wizard hits you but does no damage.
The rat bites you but does no damage.
You slash the orc wizard!
The orc wizard is heavily wounded.
You closely miss the rat.
You hit the orc wizard but do no damage.
The orc wizard is lightly wounded.
The orc wizard hits you with a dagger.
* * * LOW HITPOINT WARNING * * *
The orc wizard points at you and mumbles some strange words.
The puff of flame misses you.
The orc priest calls down the wrath of Beogh upon you.
Something smites you!
You die...

.........
.........# .
.........# ..
)........# ...
.........# ....
.........##.....
.......o.)......
....
......roo.......
....#
#####.@#.######
.....
####..#....
....#
##......#### ...
#...#...#
#.##.##.##.#
#..†##.⌠.##.##
##.####.####.##
#..#.#.###.#..#
#.#.⌠.###.⌠.#.#


You could see an orc priest, 2 orc wizards and a rat.

Vanquished Creatures
  A giant gecko (D:1)
  3 orcs (D:3)
  7 bats (D:1)
  2 goblins (D:2)
  2 hobgoblins
  3 kobolds
  A giant cockroach (D:1)
  5 giant newts
  3 jackals (D:2)
  4 rats (D:2)
31 creatures vanquished.

Notes
Turn   | Place    | Note
--------------------------------------------------------------
     0 | D:1      | Kloppie the Minotaur Fighter began the quest for the Orb.
     0 | D:1      | Reached XP level 1. HP: 19/19 MP: 0/0
   440 | D:1      | Reached XP level 2. HP: 26/26 MP: 1/1
   630 | D:2      | Found a shimmering altar of Xom.
   997 | D:2      | Found a stormy altar of Qazlal.
   998 | D:2      | Noticed a fire elemental
   999 | D:2      | Noticed an earth elemental
  1000 | D:2      | Noticed a water elemental
  1000 | D:2      | Noticed an air elemental
  1185 | D:2      | Reached skill level 4 in Axes
  1345 | D:2      | Found a glowing silver altar of Zin.
  1399 | D:2      | Found a shimmering altar of Xom.
  1400 | D:2      | Found a shimmering altar of Xom.
  1401 | D:2      | Found a shimmering altar of Xom.
  1408 | D:2      | Found a shimmering altar of Xom.
  1563 | D:3      | Found a shattered altar of Ashenzari.
  1597 | D:3      | Reached XP level 3. HP: 28/31 MP: 2/2
  1649 | D:3      | Killed from afar by an orc priest

Action                   || total
-------------------------++-------
Melee: War axe           ||    89
  Eat: Chunk             ||     2
